 Seeded DCSS version 0.30-a0-365-ge7f957f1db (webtiles) character file.

Game seed: 20221117 (custom seed)

14767 Nerdsrcool the Arsonist (level 12, -9/100 HPs)
             Began as a Naga Fire Elementalist on Nov 17, 2022.
             Was the Champion of Jiyva.
             Mangled by a skeletal warrior
             ... wielding a +1 antimagic battleaxe
              (22 damage)
             ... on level 11 of the Dungeon.
             The game lasted 01:12:34 (8990 turns).

Nerdsrcool the Arsonist (Naga Fire Elementalist)    Turns: 8990, Time: 01:12:34

Health: -9/100     AC: 14    Str: 15    XL:     12   Next: 20%
Magic:  0/25       EV: 14    Int: 23    God:    Jiyva [******]
Gold:   570        SH:  8    Dex: 13    Spells: 16/29 levels left

rFire   + . .      SeeInvis +    F - +5 mace (vorpal)
rCold   . . .      Faith    .    (no shield)
rNeg    . . .      Spirit   +    I - +2 leather armour {rF+}
rPois   +          Reflect  .    C - +2 hat
rElec   .          Harm     .    f - +0 cloak
rCorr   +          Rampage  .    (no gloves)
Will    ++...                    (no barding)
Stlth   ++........               g - amulet of guardian spirit
HPRegen 1.96/turn                j - +6 ring of intelligence
MPRegen 0.69/turn                z - ring of wizardry

@: very slow
A: AC +4, large, see invisible, deformed body, poison resistance, slowness 2,
spit poison 2, naga tail 1, large bone plates 3, strong-willed 1, strong 1,
gelatinous body 3, jelly absorbing missiles, noise suppression
a: Breathe Poison Gas, Renounce Religion, Oozemancy, Slimify


You were on level 11 of the Dungeon.
You worshipped Jiyva.
Jiyva was exalted by your worship.
You visited 2 branches of the dungeon, and saw 12 of its levels.

You collected 570 gold pieces.

Inventory:

Hand Weapons
 i - a +1 dagger of speed
 r - a +4 dagger of freezing
 s - a +2 short sword of protection
 E - a +1 war axe
 F - a +5 vorpal mace (weapon)
 G - the +7 war axe "Sukael" {vorpal, *Corrode rC+ rN+++ SInv}
   (You found it on level 7 of the Dungeon)

   It inflicts extra damage upon your enemies.
   rC:        It protects you from cold.
   rN:        It renders you almost immune to negative energy.
   SInv:      It lets you see invisible.
   *Corrode:  It may corrode you when you take damage.
 M - a +2 whip of flaming
Missiles
 d - 2 boomerangs
 e - 3 datura-tipped darts
 k - 20 poisoned darts
Armour
 b - a +0 leather armour of cold resistance
 f - a +0 cloak (worn)
 n - a +0 chain mail
 y - a +0 ring mail
 C - a +2 hat (worn)
 I - a +2 leather armour of fire resistance (worn)
 J - a +0 scale mail
 O - +0 steam dragon scales
 P - a +0 troll leather armour
Jewellery
 g - an amulet of guardian spirit (around neck)
 j - a +6 ring of intelligence (left hand)
 z - a ring of wizardry (right hand)
 A - a ring of ice
Wands
 h - a wand of digging (4)
 x - a wand of paralysis (10)
 H - a wand of mindburst (11)
 K - a wand of acid (5)
Scrolls
 m - 2 scrolls of magic mapping
 q - a scroll of amnesia
 u - a scroll of blinking
 w - a scroll of fog
 B - 7 scrolls of teleportation
Potions
 a - 2 potions of berserk rage {unknown}
 c - a potion of haste {unknown}
 l - 3 potions of curing
 o - a potion of degeneration
 p - 2 potions of lignification {unknown}
 t - 2 potions of brilliance {unknown}
 v - a potion of mutation {unknown}
 D - a potion of flight {unknown}
 L - a potion of cancellation {unknown}
 N - a potion of heal wounds {unknown}


   Skills:
 + Level 4.7 Fighting
 + Level 6.6 Short Blades
 + Level 1.6 Maces & Flails
 + Level 1.1 Throwing
 + Level 5.1 Armour
 + Level 5.5 Dodging
 + Level 4.3 Stealth
 + Level 1.1 Shields
 + Level 9.0 Spellcasting
 + Level 6.8 Conjurations
 + Level 0.6 Hexes
 + Level 0.6 Translocations
 + Level 9.5 Fire Magic
 + Level 0.7 Air Magic
 + Level 0.3 Evocations


You had 16 spell levels left.
You knew the following spells:

 Your Spells              Type           Power      Damage    Failure   Level
a - Foxfire               Conj/Fire      100%       2x1d9     1%          1
b - Scorch                Fire           100%       2d10      1%          2
c - Kindle Blastsparks    Fire/Tloc/Air  54%        2d14      1%          3
d - Flame Wave            Conj/Fire      47%        2d12      1%          4
e - Tukima's Dance        Hex            13%        N/A       7%          3

Your spell library contained the following spells:

 Spells                   Type           Power      Damage    Failure   Level
 Inner Flame              Hex/Fire       33%        N/A       1%          3
 Portal Projectile        Hex/Tloc       26%        N/A       7%          3
 Ozocubu's Armour         Ice            10%        N/A       9%          3
 Metabolic Englaciation   Hex/Ice        5%         N/A       54%         5
 Blade Hands              Tmut           5%         N/A       58%         5
 Simulacrum               Ice/Necr       5%         N/A       98%         6


Dungeon Overview and Level Annotations

Branches:
Dungeon (11/15)            Temple (1/1) D:4            Lair (0/5) D:10
    Orc (0/2) D:11

Altars:
Ashenzari
Cheibriados
Dithmenos
Elyvilon
Fedhas
Gozag
Hepliaklqana
Kikubaaqudgha
Makhleb
Nemelex Xobeh
Okawaru
Qazlal
Ru
Sif Muna
Trog
Uskayaw
Vehumet
Wu Jian
Xom
Yredelemnul
Zin
The Shining One
Jiyva

Shops:
D:8 (

Annotations:
D:3 1 runed translucent door, Crazy Yiuf


Innate Abilities, Weirdness & Mutations

Your serpentine skin is tough. (AC +4)
You have supernaturally acute eyesight. (SInv)
Armour fits poorly on your strangely shaped body.
Your system is resistant to poisons. (rPois)
You cover ground very slowly.
You can exhale a cloud of poison.
You have a snake-like lower body.
You are completely covered in large bone plates. (SH +8)
You are strong-willed. (Will+)
Your muscles are strong. (Str +4, Int/Dex -1)
Your gelatinous body deflects attacks. (AC +3, EV +3)
You have a small jelly attached to you that may absorb projectiles.
You passively dampen the noise of your surroundings.


Message History

The skeletal warrior is almost destroyed.
You block the skeletal warrior's attack.
The skeletal warrior hits you with a +1 antimagic battleaxe.
You feel your power leaking away.
You hit the skeletal warrior but do no damage.
The skeletal warrior is almost destroyed.
The skeletal warrior is no longer more vulnerable to fire.
The skeletal warrior hits you with a +1 antimagic battleaxe.
The skeletal warrior hits you from afar with a +0 trident!
* * * LOW HITPOINT WARNING * * *
You feel better.
You block the skeletal warrior's attack. x2
Aiming: Paralyse
Press: ? - help, Q - select action, (/) - cycle Shift-Dir - straight line, f/p - skeletal warrior
Aim: a skeletal warrior, wielding a +1 antimagic battleaxe (almost destroyed, chance to affect: 2%)
Okay, then.
Aiming: Mindburst
Press: ? - help, Q - select action, (/) - cycle Shift-Dir - straight line, f/p - skeletal warrior
Aim: a skeletal warrior, wielding a +1 antimagic battleaxe (almost destroyed, chance to affect: 7%)
Okay, then.
Your +2 short sword of protection goes still.
F - a +5 vorpal mace (weapon)
You closely miss the skeletal warrior.
The skeletal warrior is almost destroyed.
You block the skeletal warrior's attack.
The skeletal warrior hits you with a +1 antimagic battleaxe!
* * * LOW HITPOINT WARNING * * *
You feel your power leaking away.
You block the skeletal warrior's attack.
The skeletal warrior hits you from afar with a +0 trident!
* * * LOW HITPOINT WARNING * * *
You barely miss the skeletal warrior.
The skeletal warrior is almost destroyed.
The skeletal warrior closely misses you.
You block the skeletal warrior's attack.
You hit the skeletal warrior but do no damage.
The skeletal warrior is almost destroyed.
The skeletal warrior completely misses you.
The skeletal warrior hits you with a +1 antimagic battleaxe!!
You die...

#.............
##.............
###....###.......
#......##J#......
##...>....#.....# #
##....##.......#
##.######....##.......
##.....#..........
#....z@...........
##....##.#........
#..z# #.#........
#..... ..#........
##... ........<...
##.. .#....ยง...#.. #.
.........# .. .....


You could see 2 skeletal warriors.

Vanquished Creatures
  4 two-headed ogres
  2 skeletal warriors (D:11)
  Pikel (D:8)
  A manticore (D:11)
  Maurice (D:8)
  A gargoyle (D:10)
  Maggie (D:8)
  2 kobold demonologists
  2 trolls
  A shadow (D:10)
  2 wraiths
  A vampire (D:10)
  Grum (D:11)
  A wyvern (D:9)
  16 yaks
  A steam dragon (D:10)
  Menkaure (D:6)
  5 vampire mosquitoes
  Edmund (D:5)
  2 acid dragons
  4 water moccasins
  An ice beast (D:7)
  5 orc warriors
  2 wolves (D:11)
  2 black bears
  A centaur (D:10)
  An ogre (D:6)
  A lemure (D:8)
  2 kobold brigands (D:7)
  6 bullfrogs
  A scorpion (D:6)
  6 wights
  A killer bee (D:10)
  3 howler monkeys
  3 electric eels (D:7)
  2 gnoll boudas
  2 orc priests
  2 iguanas
  7 orc wizards
  Robin (D:1)
  6 adders
  12 gnolls
  4 shadow imps
  3 white imps
  An ufetubus (D:4)
  8 dart slugs
  44 orcs
  3 ball pythons
  2 giant cockroaches
  9 hobgoblins
  3 kobolds
  3 quokkas
  A bat (D:1)
  A frilled lizard (D:1)
  11 goblins
211 creatures vanquished.

Vanquished Creatures (collateral kills)
  A kobold demonologist (D:10)
  29 foxfires
30 creatures vanquished.

Vanquished Creatures (others)
  A skeletal warrior (D:11)
  A cyclops (D:11)
  A slime creature (D:10)
  Sigmund (D:2)
  A water moccasin (D:5)
  An ogre (D:4)
  A centaur (D:10)
  A kobold brigand (D:8)
  Blork the orc (D:4)
  A gnoll sergeant (D:10)
  A wight (D:8)
  12 jellies
  An orc priest (D:5)
  5 gnolls
  2 adders
  A shadow imp (D:8)
  2 white imps (D:6)
  A worm (D:3)
  2 dart slugs
  An endoplasm (D:2)
  5 orcs
  3 ball pythons
  A giant cockroach (D:2)
  2 hobgoblins (D:1)
  2 jackals (D:1)
  5 kobolds
  2 bats
  A frilled lizard (D:3)
  A goblin (D:1)
  6 demonic plants (D:1)
  610 foxfires
  46 fungi
  53 plants
  7 withered plants (D:1)
782 creatures vanquished.

Grand Total: 1023 creatures vanquished

Notes
Turn   | Place    | Note
-------+----------+-------------------------------------------
     0 | D:1      | Nerdsrcool the Naga Fire Elementalist began the quest for
                  | the Orb.
     0 | D:1      | Reached XP level 1. HP: 15/15 MP: 3/3
    94 | D:1      | Found a faded altar of an unknown god.
   119 | D:1      | Prayed at the altar of an unknown god.
   119 | D:1      | Became a worshipper of Jiyva Jaurung the Shapeless
   119 | D:1      | Reached * piety under Jiyva
   234 | D:1      | Reached XP level 2. HP: 22/22 MP: 3/5
   343 | D:1      | Reached ** piety under Jiyva
   640 | D:2      | Noticed Sigmund
   732 | D:2      | Noticed Robin
   782 | D:1      | Killed Robin
   783 | D:1      | Reached XP level 3. HP: 28/28 MP: 4/6
   786 | D:1      | Learned a level 2 spell: Scorch
   889 | D:2      | Killed Sigmund
  1305 | D:3      | Reached skill level 1 in Short Blades
  1305 | D:3      | Reached XP level 4. HP: 35/36 MP: 4/7
  1395 | D:3      | Reached *** piety under Jiyva
  1432 | D:3      | Gained mutation: You possess an exceptional clarity of
                  | mind. [Jiyva's grace]
  1432 | D:3      | Gained mutation: You are strong-willed. (Will+) [Jiyva's
                  | grace]
  1432 | D:3      | Gained mutation: You are highly strong-willed. (Will++)
                  | [Jiyva's grace]
  1432 | D:3      | Gained mutation: You are extremely strong-willed. (Will+++)
                  | [Jiyva's grace]
  1615 | D:3      | Found a runed translucent door.
  1616 | D:3      | Noticed Crazy Yiuf
  2155 | D:4      | Reached **** piety under Jiyva
  2243 | D:4      | Found a staircase to the Ecumenical Temple.
  2389 | D:4      | Reached XP level 5. HP: 42/42 MP: 6/8
  2475 | D:4      | Noticed an ogre
  2499 | D:4      | Killed an ogre
  2500 | D:4      | Reached skill level 1 in Armour
  2569 | D:4      | Noticed Blork the orc
  2569 | D:4      | Killed Blork the orc
  2575 | D:4      | Found a shimmering blue altar of Sif Muna.
  2774 | Temple   | Entered the Ecumenical Temple
  3097 | D:5      | Entered Level 5 of the Dungeon
  3111 | D:4      | Reached XP level 6. HP: 37/50 MP: 7/11
  3227 | D:5      | Found an ornate altar of the Wu Jian Council.
  3248 | D:5      | Killed a water moccasin
  3445 | D:5      | Reached ***** piety under Jiyva
  3639 | D:5      | Lost mutation: You possess an exceptional clarity of mind.
                  | [Jiyva's grace]
  3639 | D:5      | Lost mutation: You are extremely strong-willed. (Will+++)
                  | [Jiyva's grace]
  3639 | D:5      | Gained mutation: You have a small jelly attached to you
                  | that may absorb projectiles. [Jiyva's grace]
  3639 | D:5      | Gained mutation: Your melee attacks may engulf your foes in
                  | ooze. [Jiyva's grace]
  3639 | D:5      | Gained mutation: You are extremely strong-willed. (Will+++)
                  | [Jiyva's grace]
  3639 | D:5      | Gained mutation: You can exhale a cloud of poison. [Jiyva's
                  | grace]
  4007 | D:6      | Noticed Menkaure
  4104 | D:6      | Noticed a yak
  4104 | D:6      | Noticed a yak
  4104 | D:6      | Noticed a yak
  4124 | D:6      | Noticed Edmund
  4134 | D:5      | Killed Edmund
  4149 | D:6      | Killed a yak
  4150 | D:6      | Reached skill level 1 in Fighting
  4150 | D:6      | Reached XP level 7. HP: 53/57 MP: 10/12
  4184 | D:5      | Killed a yak
  4199 | D:5      | Killed a yak
  4200 | D:5      | Reached XP level 8. HP: 48/67 MP: 13/13
  4318 | D:6      | You fall into a shaft and drop 1 floor!
  4323 | D:7      | Learned a level 3 spell: Kindle Blastsparks
  4375 | D:7      | Reached skill level 5 in Fire Magic
  4446 | D:6      | Killed Menkaure
  4989 | D:6      | Found a hazy altar of Hepliaklqana.
  4990 | D:6      | Found a white marble altar of Elyvilon.
  5123 | D:7      | Reached skill level 5 in Spellcasting
  5130 | D:7      | Reached XP level 9. HP: 73/73 MP: 13/16
  5257 | D:7      | Identified the +7 war axe "Sukael" {vorpal, *Corrode rC+
                  | rN+++ SInv}
  5271 | D:7      | Learned a level 4 spell: Flame Wave
  5301 | D:7      | Noticed a rust devil
  5303 | D:7      | Noticed a kobold demonologist
  5313 | D:7      | Noticed a red devil
  5320 | D:7      | Killed a kobold demonologist
  5733 | D:8      | Noticed Maurice
  5748 | D:8      | Killed Maurice
  5771 | D:8      | Found Narumpa's Weapon Shoppe.
  5915 | D:8      | Lost mutation: You are extremely strong-willed. (Will+++)
                  | [Jiyva's grace]
  5915 | D:8      | Gained mutation: Your rubbery body absorbs attacks. (AC +1,
                  | EV +1) [Jiyva's grace]
  5915 | D:8      | Gained mutation: Your pliable body absorbs attacks. (AC +2,
                  | EV +2) [Jiyva's grace]
  5915 | D:8      | Gained mutation: Your gelatinous body deflects attacks. (AC
                  | +3, EV +3) [Jiyva's grace]
  5915 | D:8      | Gained mutation: Your muscles are strong. (Str +4, Int/Dex
                  | -1) [Jiyva's grace]
  6005 | D:8      | Found an opulent altar of Gozag.
  6013 | D:8      | Noticed Pikel
  6023 | D:8      | Killed Pikel
  6024 | D:8      | Reached skill level 1 in Throwing
  6024 | D:8      | Reached XP level 10. HP: 80/81 MP: 14/20
  6088 | D:8      | Noticed Maggie
  6101 | D:8      | Killed Maggie
  6181 | D:8      | Reached ****** piety under Jiyva
  6341 | D:8      | Reached skill level 5 in Conjurations
  6916 | D:9      | Noticed a two-headed ogre
  6937 | D:9      | Killed a two-headed ogre
  7271 | D:9      | Learned a level 3 spell: Tukima's Dance
  7532 | D:10     | Entered Level 10 of the Dungeon
  7667 | D:10     | Reached XP level 11. HP: 90/90 MP: 22/22
  7694 | D:10     | Reached skill level 5 in Short Blades
  7722 | D:10     | Noticed a two-headed ogre
  7736 | D:10     | Killed a two-headed ogre
  7778 | D:10     | Reached skill level 5 in Dodging
  7786 | D:10     | Found a staircase to the Lair.
  8001 | D:10     | Noticed a two-headed ogre
  8012 | D:10     | Killed a two-headed ogre
  8153 | D:10     | Reached skill level 1 in Maces & Flails
  8482 | D:11     | Noticed a two-headed ogre
  8490 | D:11     | Killed a two-headed ogre
  8516 | D:11     | Noticed Grum
  8543 | D:11     | Killed Grum
  8586 | D:11     | Reached skill level 5 in Armour
  8596 | D:11     | Lost mutation: You are highly strong-willed. (Will++)
                  | [Jiyva's grace]
  8596 | D:11     | Lost mutation: Your melee attacks may engulf your foes in
                  | ooze. [Jiyva's grace]
  8596 | D:11     | Gained mutation: You are partially covered in large bone
                  | plates. (SH +4) [Jiyva's grace]
  8596 | D:11     | Gained mutation: You are mostly covered in large bone
                  | plates. (SH +6) [Jiyva's grace]
  8596 | D:11     | Gained mutation: You are completely covered in large bone
                  | plates. (SH +8) [Jiyva's grace]
  8596 | D:11     | Gained mutation: You passively dampen the noise of your
                  | surroundings. [Jiyva's grace]
  8607 | D:11     | Noticed a manticore
  8645 | D:11     | Killed a manticore
  8747 | D:11     | Found a staircase to the Orcish Mines.
  8775 | D:11     | Reached XP level 12. HP: 100/100 MP: 21/24
  8916 | D:11     | Reached skill level 1 in Shields
  8990 | D:11     | Mangled by a skeletal warrior

Illustrated notes

Levels and vault maps discovered:
D:1:      saegor_arrival_simple_e, layout_basic, shapermc_ecumenical_altar_gd,
          minmay_misc_feat_tower
D:2:      layout_rooms, uniq_sigmund, uniq_robin
D:3:      layout_loops_ring, uniq_crazy_yiuf_cottage
D:4:      layout_loops_ring, tgw_sif, minmay_temple_entry_tees,
          uniq_blork_the_orc
D:5:      layout_basic, general_overflow_altar
D:6:      layout_basic, nicolae_overflow_hidden_temple, kennysheep_minor_cross,
          grunt_decor_clamped, mrwooster_statue_mirror, serial_bayou_pond_d,
          grunt_ministairs_15, uniq_edmund, uniq_menkaure
D:7:      kennysheep_slugbush, layout_cave_pools
D:8:      layout_basic, lemuel_doored_altar, serial_shops, shop, uniq_maggie,
          uniq_pikel, uniq_maurice
D:9:      layout_loops_ring, special_room [special_room_orc],
          kennysheep_generic_room_3
D:10:     layout_roguey, due_lair_maze_entry_diamond, minmay_joined_circles
D:11:     layout_cave_pools, orc_david_3, uniq_grum
Temple:   minmay_crystal_spiral_temple

Skill      XL: |  1  2  3  4  5  6  7  8  9 10 11 12 |
---------------+-------------------------------------+-----
Dodging        | 2 3 4 5 |  5.5
Short Blades   | 1 2 3 4 6 |  6.6
Fire Magic     | 4 6 7 8 9 |  9.5
Armour         | 1 2 3 4 5 |  5.1
Spellcasting   | 3 5 6 7 8 9 |  9.0
Conjurations   | 2 3 4 5 6 |  6.8
Fighting       | 1 2 3 4 |  4.7
Stealth        | 4 |  4.3
Throwing       | 1 |  1.1
Maces & Flails | 1 |  1.6
Shields        | 1 |  1.1
Hexes          | |  0.6
Translocations | |  0.6
Air Magic      | |  0.7
Evocations     | |  0.3

Action                   |  1- 3 |  4- 6 |  7- 9 | 10-12 || total
-------------------------+-------+-------+-------+-------++-------
Melee: Short sword       |    23 |    49 |   117 |   540 ||   729
       Dagger            |    13 |     5 |       |       ||    18
       Punch             |       |       |     1 |    10 ||    11
       Mace              |       |       |       |    14 ||    14
Throw: Dart              |       |       |     4 |       ||     4
 Cast: Foxfire           |    40 |    52 |   121 |   183 ||   396
       Scorch            |       |     3 |    20 |    38 ||    61
       Kindle Blastspark |       |       |       |     7 ||     7
       Flame Wave        |       |       |       |     7 ||     7
       Tukima's Dance    |       |       |       |     2 ||     2
 Abil: Spit Poison       |       |     2 |       |       ||     2
       Breathe Poison Ga |       |       |     2 |     1 ||     3
Evoke: Wand              |       |       |     1 |       ||     1
  Use: Scroll            |     1 |       |     9 |     3 ||    13
       Potion            |       |       |     1 |     1 ||     2
Armor: Leather armour    |    10 |    29 |    59 |   218 ||   316
Dodge: Dodged            |    20 |    17 |    55 |   353 ||   445
Block: Other             |       |       |       |    42 ||    42

Table legend: (Time is in decaauts)
 A = Elapsed time spent in this place.
 B = Non-inter-level travel time spent in this place.
 C = Inter-level travel time spent in this place.
 D = Time resting spent in this place.
 E = Time spent auto-exploring this place.
 F = Levels seen in this place.
 G = Mean time per level.
                   A        B        C        D        E       F      G
               +--------+--------+--------+--------+--------+-----+--------+
         Total |  11549 |  11523 |     26 |    293 |   7725 |  12 |  962.4 |
       Dungeon |  11126 |  11100 |     26 |    293 |   7569 |  11 | 1011.5 |
        Temple |    423 |    423 |      0 |      0 |    156 |   1 |  423.0 |
               +--------+--------+--------+--------+--------+-----+--------+

Top non-repeatable levels by time:
     D:5: 1441 daAuts
     D:9: 1248 daAuts
     D:8: 1176 daAuts
     D:3: 1103 daAuts
     D:6: 1082 daAuts
    D:10: 1043 daAuts
     D:4: 1036 daAuts
     D:1: 1025 daAuts
     D:7: 876 daAuts
     D:2: 598 daAuts
    D:11: 492 daAuts
  Temple: 423 daAuts
